 Dungeon Crawl Stone Soup version 0.30-a0-723-gc1506a1cf0 (webtiles) character file.

Game seed: 1136778426913816031

161 sircluck the Covered (level 5, -2/72 HPs)
             Began as an Armataur Fighter on Jan 28, 2023.
             Slain by an orc
             ... wielding a +0 flail
              (4 damage)
             ... on level 4 of the Dungeon.
             The game lasted 00:10:59 (3577 turns).

sircluck the Covered (Armataur Fighter)             Turns: 3577, Time: 00:10:59

Health: -2/72      AC: 22    Str: 24    XL:     5   Next: 19%
Magic:  5/5        EV:  1    Int:  8    God:
Gold:   83         SH:  4    Dex:  9    Spells: 4/4 levels left

rFire   . . .      SeeInvis .    a - +0 long sword
rCold   . . .      Faith    .    c - +0 buckler
rNeg    . . .      Spirit   .    (body armour currently unavailable)
rPois   +          Reflect  .    (helmet currently unavailable)
rElec   .          Harm     .    (cloak currently unavailable)
rCorr   .          Roll     +    (gloves currently unavailable)
Will    .....      NoTele   +    (no barding)
Stlth   +                        (no amulet)
HPRegen 0.32/turn                q - +5 ring of evasion
MPRegen 0.09/turn                (no ring)

@: tree-form
A: stationary, stasis, torment immunity, boosted hp, large, rugged brown scales
3, (deformed body), (armoured tail), roll, long tongue, awkward tongue
a: no special abilities


You were on level 4 of the Dungeon.
You were a tree.
You visited 1 branch of the dungeon, and saw 4 of its levels.

You collected 143 gold pieces.
You spent 60 gold pieces at shops.

Inventory:

Hand Weapons
 a - a +0 long sword (weapon)
 n - a +1 dagger of electrocution
Missiles
 k - 14 poisoned darts (quivered)
 l - 35 stones
 y - 6 boomerangs
Armour
 b - a +0 scale mail
 c - a +0 buckler (worn)
 m - a +0 plate armour (melded)
Magical Staves
 E - a staff of conjuration
Jewellery
 h - a ring of ice
 q - a +5 ring of evasion (left branch)
 s - a ring of fire
 D - a ring of see invisible
 G - a ring of positive energy
Wands
 w - a wand of quicksilver (5)
Scrolls
 f - 2 scrolls of torment {unknown}
 g - a scroll of amnesia {unknown}
 j - 2 scrolls of teleportation {unknown}
 o - 2 scrolls of blinking {unknown}
 p - 2 scrolls of enchant weapon {unknown}
 z - a scroll of brand weapon {unknown}
 A - a scroll of vulnerability {unknown}
 C - a scroll of fog {unknown}
 H - a scroll of identify {unknown}
Potions
 d - a potion of might
 i - a potion of cancellation {unknown}
 r - 2 potions of haste {unknown}
 t - 2 potions of degeneration {unknown}
 u - 2 potions of lignification
 v - a potion of berserk rage
 x - 2 potions of curing {unknown}
 B - a potion of heal wounds {unknown}
 F - a potion of flight {unknown}


   Skills:
 + Level 3.2 Fighting
 + Level 2.8 Long Blades
 + Level 5.3 Armour
 + Level 0.2 Dodging
 + Level 3.9 Shields


You had 4 spell levels left.
You didn't know any spells.
Your spell library contained the following spells:

 Spells                   Type           Power      Damage    Failure   Level
 Scorch                   Fire           0%         2d5       63%         2
 Flame Wave               Conj/Fire      0%         2d4       99%         4
 Summon Cactus Giant      Summ           0%         N/A       100%        6


Dungeon Overview and Level Annotations

Branches:
Dungeon (4/15)
 Temple: D:4-7

Altars:
Ashenzari
Nemelex Xobeh

Shops:
D:2 *(


Innate Abilities, Weirdness & Mutations

You are a tree.
Your roots penetrate the ground, keeping you stationary.
You cannot be teleported.
You are immune to unholy pain and torment.
Your maximum health is greatly increased.
Your equipment is partially melded.
(You are completely covered in rugged brown scales. (AC +3, +7% HP))
((Armour fits poorly on your strangely shaped body.))
((You have a long armoured tail.))
You roll when moving toward enemies. (Rampage)
Your long tongue fully drains potion bottles. (2x potion effects)
Your tongue gives you trouble enunciating. (1.5x scroll delay)


Message History

The orc wizard barely misses you. Something hits you.
* * * LOW HITPOINT WARNING * * *
You barely miss the orc wizard. You tail-slap the orc wizard.
The orc wizard is heavily wounded.
The orc wizard hits you but does no damage.
Something hits you but does no damage. The orc closely misses you.
The orc wizard closely misses you. The orc closely misses you.
You block something's attack.
You barely miss the orc wizard.
The orc wizard is heavily wounded.
The orc wizard hits you with a +0 dagger.
* * * LOW HITPOINT WARNING * * *
Something hits you.
* * * LOW HITPOINT WARNING * * *
The orc hits you with a +0 flail.
* * * LOW HITPOINT WARNING * * *
You barely miss the orc wizard.
Your tail-slap misses the orc wizard.
The orc wizard is heavily wounded.
The orc wizard hits you but does no damage.
Something hits you!
* * * LOW HITPOINT WARNING * * *
The orc hits you but does no damage.
You slurp down every last drop of the 3 dark potions!
It was a potion of lignification.
You turn into a tree.
Your +0 plate armour melds into your body.
Your roots penetrate the ground.
The orc hits you but does no damage.
The orc wizard hits you but does no damage.
Something hits you but does no damage.
You hit the orc wizard.
The orc wizard is severely wounded.
The orc wizard hits you but does no damage.
You hear some strange, mumbled words.
Something tries to affect you, but you resist.
The orc hits you but does no damage.
You hit the orc wizard but do no damage.
The orc wizard is severely wounded.
The orc wizard points at you and mumbles some strange words.
You resist with some effort. Something hits you but does no damage.
The orc hits you but does no damage. The orc hits you with a +0 flail.
You die...

##.....#... ...##
####......#.### ...#
....†.........#####...#
####..####.#..[##.....#
#### #.##.......##.#
#.....##...## #
......###....# .#
....######..o####.#
#.... ##...♣o..#..#
####.###.....{.....#
)...........#.##
........(...##.##
.............>...
....##........... ....
##.....[##.. ##.
###.....# . ##.$###


You could see an orc wizard and an orc.

Vanquished Creatures
  A hound (D:4)
  5 adders
  3 dart slugs
  A worm (D:2)
  An orc (D:3)
  4 endoplasms
  2 giant cockroaches
  10 hobgoblins
  7 jackals
  7 kobolds
  A quokka (D:4)
  9 ball pythons
  4 bats
  2 frilled lizards
  9 goblins
  5 rats
71 creatures vanquished.

Vanquished Creatures (others)
  6 fungi (D:2)
  4 plants (D:2)
  10 toadstools (D:4)
20 creatures vanquished.

Grand Total: 91 creatures vanquished

Notes
Turn   | Place    | Note
-------+----------+-------------------------------------------
     0 | D:1      | sircluck the Armataur Fighter began the quest for the Orb.
     0 | D:1      | Reached XP level 1. HP: 19/19 MP: 1/1
   155 | D:1      | Reached XP level 2. HP: 19/26 MP: 2/2
   195 | D:1      | Reached skill level 4 in Armour
  1378 | D:2      | Reached XP level 3. HP: 33/33 MP: 3/3
  1631 | D:2      | Found Offauwn's Weapon Emporium.
  1696 | D:2      | Bought 3 poisoned darts for 19 gold pieces
  1696 | D:2      | Bought a stone for 1 gold piece
  1802 | D:2      | Found Muneer's Assorted Antiques.
  1865 | D:2      | Reached XP level 4. HP: 37/40 MP: 4/4
  2100 | D:2      | Bought a dark potion for 20 gold pieces
  2100 | D:2      | Bought a viscous brown potion for 20 gold pieces
  2416 | D:2      | Found a faded altar of an unknown god.
  2828 | D:3      | Reached skill level 5 in Armour
  3414 | D:4      | Reached XP level 5. HP: 36/48 MP: 5/5
  3420 | D:4      | Found a sparkling altar of Nemelex Xobeh.
  3420 | D:4      | Found a broken altar of Ashenzari.
  3574 | D:4      | HP: 1/48 [something (7)]
  3577 | D:4      | Slain by an orc

Illustrated notes

Levels and vault maps discovered:
D:1:      enne_arrival_octagon_isle, layout_basic, chequers_mini_garden
D:2:      minmay_wonky_spiral, layout_basic, serial_shops,
          nicolae_shop_bloodbath_and_beyond, nicolae_shop_trees,
          dreamdust_ecumenical_altar_hidden_monk_grotto
D:3:      layout_loops_ring
D:4:      cheibrodos_fertilizer, layout_cave_pools,
          nicolae_overflow_two_pavilions, nicolae_wooded_promenade,
          dilly_guarded_unrand_morg

Skill      XL: |  1  2  3  4 |
---------------+-------------+-----
Armour         | 4 5 |  5.3
Fighting       | 3 |  3.2
Long Blades    | 2 |  2.8
Dodging        | |  0.2
Shields        | |  3.9

Action                     |  1- 3 |  4- 6 || total
---------------------------+-------+-------++-------
  Melee: Long sword        |   116 |   160 ||   276
         Tailslap          |    14 |    21 ||    35
    Use: Potion            |       |     2 ||     2
 Armour: Scale mail        |    53 |       ||    53
         Plate armour      |    81 |   148 ||   229
         Skin              |       |     7 ||     7
  Dodge: Dodged            |    57 |   123 ||   180
  Block: Buckler           |    48 |    62 ||   110

Table legend: (Time is in decaauts)
 A = Elapsed time spent in this place.
 B = Non-inter-level travel time spent in this place.
 C = Inter-level travel time spent in this place.
 D = Time resting spent in this place.
 E = Time spent auto-exploring this place.
 F = Levels seen in this place.
 G = Mean time per level.
                   A        B        C        D        E       F      G
               +--------+--------+--------+--------+--------+-----+--------+
         Total |   3662 |   3522 |    140 |      0 |   1109 |   4 |  915.5 |
       Dungeon |   3662 |   3522 |    140 |      0 |   1109 |   4 |  915.5 |
               +--------+--------+--------+--------+--------+-----+--------+

Top non-repeatable levels by time:
     D:1: 1402 daAuts
     D:2: 1160 daAuts
     D:3: 865 daAuts
     D:4: 234 daAuts
